Cogmind - Beta 17 @@@ ROGUE MODE // 2026.07.04 @ 11:26:30 Player: Dadrick Result: Destroyed by Alpha 7 with Heavy Quantum Rifle Performance ------------- Evolutions (9) 4500 Regions Visited (28) 5600 Robots Destroyed (278) 1390 Value Destroyed (12160) 12160 Prototype IDs (37) 740 Alien Tech Used (0) 0 Bonus (16680) 16680 TOTAL SCORE: 41070 Bonus ------- High Alert Combat Kills 756 Follower Combat Kills 2828 Entered DSFs 500 Network Hubs Disabled 400 Met Data Miner 300 Met Warlord at Base 500 MAIN.C Attacked Warlord 500 Warlord Defense Kills 2388 Built Enhanced Grunts 300 A7 Reached Mainframe 300 Met R17 at Cetus 500 Met R17 at Research 2000 Met Warlord at Research 2000 Invited to Help at Command 2000 Destroyed MAIN.C Guards 500 Met Warlord at Command 2000 Friendly Fire -1092 Cogmind --------- Core Integrity 0/1600 Matter 254/300 Energy 240/240 System Corruption 28% Temperature Cool (9) Movement Walking (125) Location -1/Command Parts ------- > --- POWER (2) -------- Zero-point Reactor (fused) > --- PROPULSION (7) --- Biometal Leg Heavy Armored Exoskeleton > --- UTILITY (11) ----- Experimental Optical Array Advanced Target Analyzer Experimental Core Analyzer Armor Integrity Analyzer Advanced Hacking Suite > --- WEAPON (5) ------- (None) > --- INVENTORY (5) ---- Micro Antimatter Reactor Advanced Shield Generator Enhanced Hardcell Cannon Thunder Hammer Peak State ------------ > --- POWER ------------ Vortex Chain Reactor > --- PROPULSION ------- Biometal Leg Enhanced Biometal Leg Centrium Leg Centrium Leg Centrium Leg Centrium Leg Centrium Leg > --- UTILITY ---------- High-capacity Storage Unit Experimental Optical Array Advanced Signal Interpreter Experimental Targeting Computer Experimental Core Analyzer Experimental Core Analyzer Armor Integrity Analyzer Graphene Brace Advanced Force Field Advanced Hacking Suite Advanced Hacking Suite > --- WEAPON ----------- Enhanced Nova Cannon Advanced KE Penetrator Helical Railgun Helical Railgun Thunder Hammer > --- INVENTORY -------- Light Antimatter Reactor Micro Antimatter Reactor Biometal Leg Enhanced Biometal Leg Centrium Leg Heavy Shield Leg Energy Well Matter Compressor Advanced Sensor Array Long-range Sensor Array Transmission Jammer Centrium Light Armor Plating Centrium Medium Armor Plating Advanced Shield Generator Long-range Tractor Beam Compact HERF Cannon Railgun Advanced KE Penetrator Advanced Remote Datajack [Rating: 209] Favorites ----------- Power Cooled Ion Engine Engine Cooled Ion Engine Power Core Light Nuclear Core Reactor Vortex Chain Reactor Propulsion Centrium Leg Leg Centrium Leg Utility High-capacity Storage Unit Device Experimental Cooling System Storage High-capacity Storage Unit Processor Improved Signal Interpreter Hackware Advanced Hacking Suite Protection Centrium Medium Armor Plating Weapon Heavy Plasma Cannon Energy Gun Gatling Laser Energy Cannon Heavy Plasma Cannon Ballistic Gun Gauss Rifle Ballistic Cannon Magnetic Acceleration Cannon Launcher Rocket Launcher Special Weapon Plasma Cutter Impact Weapon Thunder Hammer Slashing Weapon Axe Special Melee Weapon Improved Datajack Build | -11 -10 -10 -9 -9 -8 -7 -7 -7 -7 -6 -6 -6 -6 -6 -6 -6 -6 -5 -5 -5 -5 -4 -4 -4 -3 -2 -1 -1 ------- Run | Yrd Mat Min Mat Min Mat Fac Low Low Dat Pro Fac Was Fac Ext Cet Arc Hub Fac Upp Upp War Pro Fac DSF Res Res Acc Com Slots Evolved 18 | . . . 2 . 2 2 . . . . 2 . . . . . . 2 . . . . 2 . 2 2 2 . Power 1 | . . . . . . . . . . . . . . . . . . 1 . . . . . . . . . . Propulsion 5 | . . . 1 . 1 . . . . . 1 . . . . . . . . . . . 1 . . . 1 . Utility 9 | . . . . . 1 1 . . . . 1 . . . . . . . . . . . 1 . 2 2 1 . Weapon 3 | . . . 1 . . 1 . . . . . . . . . . . 1 . . . . . . . . . . Parts Attached 204 | 7 11 1 16 1 10 8 3 5 . 6 13 6 1 4 4 2 2 4 . . 9 . 1 9 24 15 19 23 Power 21 | 1 4 1 1 . . . . . . 1 . . 1 1 . . . . . . 1 . . 1 3 1 1 4 Engine 9 | 1 3 1 1 . . . . . . 1 . . 1 1 . . . . . . . . . . . . . . Core 1 | . 1 . . . . . . . . . . . . . . . . . . . . . . . . . . . Reactor 11 | . . . . . . . . . . . . . . . . . . . . . 1 . . 1 3 1 1 4 Propulsion 60 | 2 2 . 5 . 3 2 1 1 . 2 2 1 . 1 . . 1 . . . 2 . 1 3 10 6 8 7 Treads . | . . . . . . . . . . . . . . . . . . . . . . . . . . . . . Leg 60 | 2 2 . 5 . 3 2 1 1 . 2 2 1 . 1 . . 1 . . . 2 . 1 3 10 6 8 7 Wheel . | . . . . . . . . . . . . . . . . . . . . . . . . . . . . . Hover . | . . . . . . . . . . . . . . . . . . . . . . . . . . . . . Flight . | . . . . . . . . . . . . . . . . . . . . . . . . . . . . . Utility 63 | 2 2 . 3 . 2 4 2 1 . 1 6 1 . 1 2 2 1 1 . . 3 . . 2 6 7 5 9 Device 28 | 1 1 . 1 . . 1 1 . . . 3 1 . . . 1 . 1 . . 3 . . 1 3 1 3 6 Storage 6 | 1 1 . 1 . . 1 . . . . . . . . . . . . . . . . . . 1 1 . . Processor 12 | . . . . . . 1 1 1 . . 1 . . . . . . . . . . . . . 2 4 1 1 Hackware 6 | . . . . . 1 . . . . . . . . . . 1 1 . . . . . . . . 1 1 1 Protection 11 | . . . 1 . 1 1 . . . 1 2 . . 1 2 . . . . . . . . 1 . . . 1 Artifact . | . . . . . . . . . . . . . . . . . . . . . . . . . . . . . Weapon 60 | 2 3 . 7 1 5 2 . 3 . 2 5 4 . 1 2 . . 3 . . 3 . . 3 5 1 5 3 Energy Gun 9 | 1 1 . 3 . . . . 1 . 1 1 . . . 1 . . . . . . . . . . . . . Energy Cannon 10 | . . . . . . . . . . . 2 2 . . . . . 2 . . 1 . . . . . 1 2 Ballistic Gun 28 | 1 1 . 3 . 3 2 . 2 . . . 1 . . 1 . . 1 . . 2 . . 3 4 1 3 . Ballistic Cannon 2 | . . . . . . . . . . . 1 . . . . . . . . . . . . . . . 1 . Launcher 3 | . . . 1 . 1 . . . . . . . . . . . . . . . . . . . . . . 1 Special Weapon 2 | . 1 . . . . . . . . 1 . . . . . . . . . . . . . . . . . . Impact Weapon 4 | . . . . 1 1 . . . . . . 1 . . . . . . . . . . . . 1 . . . Slashing Weapon 1 | . . . . . . . . . . . 1 . . . . . . . . . . . . . . . . . Piercing Weapon . | . . . . . . . . . . . . . . . . . . . . . . . . . . . . . Special Melee Weapon 1 | . . . . . . . . . . . . . . 1 . . . . . . . . . . . . . . Unidentified Prototypes 19 | . . . 2 . . . . . . . 1 1 . . 3 . . . . . 5 . . . 1 3 1 2 Parts Lost 72 | . 5 1 1 . 1 2 1 5 . 6 1 . . . . . 3 . . . . 1 . 3 4 2 9 27 Power 7 | . 2 1 . . . . . . . 1 . . . . . . . . . . . 1 . . . . 1 1 Propulsion 25 | . 1 . 1 . . 1 1 3 . 2 . . . . . . 1 . . . . . . . 3 . 1 11 Utility 14 | . 1 . . . . 1 . . . . . . . . . . 1 . . . . . . 1 . 2 1 7 Weapon 26 | . 1 . . . 1 . . 2 . 3 1 . . . . . 1 . . . . . . 2 1 . 6 8 Highest Loss Streak 7 | . 1 1 1 . 1 1 1 5 . 6 1 . . . . . 3 . . . . 1 . 1 3 2 2 7 To Critical Strikes 2 | . . . . . . . . . . . . . . . . . . . . . . . . . . . 1 1 Average Backups 16 | 1 7 10 12 15 14 17 20 17 16 14 17 19 19 19 19 20 19 16 19 19 18 19 17 16 18 17 18 9 Power 1 | . . 1 1 1 1 1 2 2 2 1 2 2 1 1 . 1 1 1 1 1 . 1 1 1 1 1 1 2 Propulsion 2 | . 1 2 2 3 2 2 2 . . . . 2 3 2 3 3 2 2 2 2 2 3 2 2 3 2 3 . Utility 8 | . 2 4 4 5 5 7 10 10 10 9 10 10 10 10 9 9 8 7 9 9 8 8 7 7 7 8 9 4 Weapon 4 | . 2 3 3 5 4 4 5 3 3 2 2 3 4 5 5 6 5 5 6 6 5 7 7 5 4 4 3 2 Tool/Special . | . . . . . . . . . . . . . . . . . . . . . . . . . . . . . Unused Backups 23 | . 1 . 3 . 2 1 . . . . 3 . . . 2 . . . . . 4 . . . . . 2 5 Power 4 | . . . 1 . . . . . . . . . . . 1 . . . . . 1 . . . . . . 1 Propulsion . | . . . . . . . . . . . . . . . . . . . . . . . . . . . . . Utility 10 | . . . 1 . . 1 . . . . 2 . . . 1 . . . . . 2 . . . . . 1 2 Weapon 8 | . 1 . 1 . 2 . . . . . 1 . . . . . . . . . 1 . . . . . 1 1 Tool/Special 1 | . . . . . . . . . . . . . . . . . . . . . . . . . . . . 1 Average Slot Usage (%) 90 | . 94 100 99 100 99 99 99 94 72 89 80 86 86 86 85 85 85 87 88 88 87 85 83 90 99 96 95 57 Engine 5 | . 10 12 11 11 9 7 7 7 7 6 6 6 6 6 6 6 6 10 11 11 9 2 . . . . . . Reactor 1 | . . . . . . . . . . . . . . . . . . . . . 1 5 5 7 9 8 4 2 Leg 24 | . 27 28 32 33 36 30 29 25 23 25 20 20 20 20 20 20 19 17 17 17 17 17 21 24 27 23 27 17 Device 7 | . 9 14 9 11 6 8 6 6 7 5 7 6 6 6 6 6 4 5 5 5 5 5 9 10 13 10 8 6 Storage 6 | . 14 14 11 11 9 7 7 7 7 7 6 6 6 6 6 6 6 5 5 5 5 5 5 5 4 4 4 2 Processor 12 | . . . . . . 5 14 15 15 15 12 13 13 13 13 13 13 11 11 11 11 11 10 10 13 18 23 16 Hackware 1 | . . . . . 5 1 . . . . . . . . . . 1 . . . . . . . . 3 7 2 Protection 3 | . . . 1 . 6 5 1 . . 1 3 6 6 6 5 5 6 5 5 5 4 4 5 5 4 3 . 1 Energy Gun 2 | . 10 14 17 . . . . . . 9 8 . . . 1 . . . . . . . . . . . . . Energy Cannon 5 | . . . . . . . . . . . 2 12 13 13 13 13 12 11 17 17 17 17 15 7 . . . 1 Ballistic Gun 10 | . 17 14 15 32 24 23 23 22 3 8 . . . . . . . 5 . . . 5 5 10 18 17 15 3 Ballistic Cannon 1 | . . . . . . . . . . . 1 6 6 6 4 6 6 5 5 5 4 . . 1 . . . 1 Impact Weapon 4 | . . . . . 2 6 7 7 7 6 6 6 6 5 5 6 6 5 5 5 5 5 5 5 4 4 4 2 Peak Build Rating 209 | 7 12 12 22 21 38 46 48 46 43 46 69 80 81 83 90 90 90 99 97 97 117 117 124 142 163 191 209 207 Average Rating 91 | 5 8 10 16 21 30 44 45 43 32 40 51 74 80 82 86 89 88 96 96 96 105 112 123 132 156 182 203 132 On Entrance 76 | . 7 12 10 21 21 38 46 45 43 43 36 69 80 80 83 90 90 88 96 96 96 113 111 124 142 163 191 197 Avg Prop Armor Cover (%) 42 | . . . . . . . . . . . . . . . . . . . . . . . . . . . . 42 Naked Turns . | . . . . . . . . . . . . . . . . . . . . . . . . . . . . . Heaviest Build 150 | 11 19 17 42 38 48 84 91 64 64 79 85 90 92 97 97 96 96 108 108 108 108 106 105 120 121 118 119 150 Greatest Support 210 | 20 20 20 43 43 64 66 61 61 49 64 80 90 90 91 91 91 91 82 82 82 110 110 126 151 163 180 210 210 Greatest Overweight (x) 2 | . . . 1 . . 1 1 1 1 2 1 1 1 1 1 1 1 1 1 1 1 . . 1 1 . . 1 Average Overweight (x) . | . . . . . . . 1 1 1 . . . . . . . 1 1 1 1 . . . . . . . . Largest Inventory Capacity 20 | 8 10 10 15 15 15 20 20 20 20 20 20 20 20 20 20 20 20 20 20 20 20 20 20 20 20 20 20 20 Average Capacity 18 | 7 9 10 13 15 15 19 20 20 20 20 20 20 20 20 20 20 20 20 20 20 20 20 20 20 20 20 20 12 Most Carried 20 | 3 10 10 15 15 15 20 20 20 16 16 20 20 20 20 20 20 20 20 20 20 20 20 19 19 20 20 20 20 Average Carried 17 | 1 7 10 12 15 14 17 20 17 15 14 17 19 19 19 19 20 19 17 20 20 19 20 18 17 19 19 19 10 Final Capacity 20 | 8 10 10 15 15 15 20 20 20 20 20 20 20 20 20 20 20 20 20 20 20 20 20 20 20 20 20 20 5 Final Carried 20 | 3 10 10 15 15 15 20 20 16 16 14 20 20 20 20 20 20 16 20 20 20 20 20 19 18 20 20 20 4 Class Distribution -------------------- 22% | Skirmisher 16% | Scavenger-Gunner 13% | Gunner 12% | Commander-Gunner 11% | Scavenger-Assassin 9% | Scavenger-Mutant 7% | Mutant 3% | Tank Dominant Class ---------------- Mutant | -10/Materials Scavenger-Mutant | -10/Mines Scavenger-Gunner | -9/Materials Gunner | -9/Mines Tank | -8/Materials Gunner | -7/Factory Skirmisher | -7/Lower Caves Skirmisher | -7/Lower Caves Mutant | -7/Data Miner Scavenger-Mutant | -6/Proximity Caves Scavenger-Mutant | -6/Factory Scavenger-Gunner | -6/Waste Skirmisher | -6/Factory Commander-Gunner | -6/Extension Commander-Gunner | -6/Cetus Commander-Gunner | -6/Archives Commander-Gunner | -6/Hub_04(d) Skirmisher | -5/Factory Skirmisher | -5/Upper Caves Skirmisher | -5/Upper Caves Skirmisher | -5/Warlord Skirmisher | -4/Proximity Caves Skirmisher | -4/Factory Scavenger-Gunner | -4/DSF Scavenger-Gunner | -3/Research Scavenger-Gunner | -2/Research Scavenger-Assassin | -1/Access Scavenger-Mutant | -1/Command Resources | -11 -10 -10 -9 -9 -8 -7 -7 -7 -7 -6 -6 -6 -6 -6 -6 -6 -6 -5 -5 -5 -5 -4 -4 -4 -3 -2 -1 -1 ----------- Run | Yrd Mat Min Mat Min Mat Fac Low Low Dat Pro Fac Was Fac Ext Cet Arc Hub Fac Upp Upp War Pro Fac DSF Res Res Acc Com Matter Collected 10889 | 294 370 11 509 . 717 464 179 183 150 306 454 160 82 265 156 66 134 64 69 81 331 110 . 680 979 481 2657 937 Remotely 1824 | . . . . . . . . . . . . . . . . . . . . . . . . . . 341 1483 . Salvage Created 14865 | 242 869 50 926 . 814 482 225 83 . 294 377 54 176 921 24 196 640 157 68 140 1066 129 . 930 1196 565 3551 690 Parts 681 | 25 42 6 63 . 50 28 8 6 . 7 14 2 4 28 3 5 19 5 1 5 38 1 . 27 43 42 180 29 Haulers Intercepted 14 | . 2 . 3 . 1 . . . . . . . 1 . . . 1 . . . . . . . 4 1 1 . Recyclers Shooed 11 | . 2 . 1 . 5 . . . . . . . . 1 . . . . . . . . . . 1 . 1 . Parts Field Recycled . | . . . . . . . . . . . . . . . . . . . . . . . . . . . . . Retrieved Matter . | . . . . . . . . . . . . . . . . . . . . . . . . . . . . . Parts Self-Destructed 29 | . . . . . . . 7 5 . 6 . . . . . . . . 5 5 . 1 . . . . . . Prevented 1 | . . . . . . . . . . . . . . . . . . . 1 . . . . . . . . . Parts Restored . | . . . . . . . . . . . . . . . . . . . . . . . . . . . . . Kills | -11 -10 -10 -9 -9 -8 -7 -7 -7 -7 -6 -6 -6 -6 -6 -6 -6 -6 -5 -5 -5 -5 -4 -4 -4 -3 -2 -1 -1 ------- Run | Yrd Mat Min Mat Min Mat Fac Low Low Dat Pro Fac Was Fac Ext Cet Arc Hub Fac Upp Upp War Pro Fac DSF Res Res Acc Com Combat Hostiles Destroyed 180 | . 11 3 18 . 10 7 4 1 . 3 5 . 2 11 . 1 6 2 1 2 17 2 . 10 8 5 39 12 Melee 1 | . . . . . . 1 . . . . . . . . . . . . . . . . . . . . . . Guns 111 | . 11 3 16 . 10 6 4 1 . 3 . . . . . . 1 . . . . . . 1 8 5 39 3 Cannons 59 | . . . . . . . . . . . 4 . 2 9 . 1 3 2 1 2 16 2 . 8 . . . 9 AOE 2 | . . . 2 . . . . . . . . . . . . . . . . . . . . . . . . . Classes Destroyed 24 | 3 4 . 3 . 1 2 . 1 . . . 1 . 1 . . 2 1 . . 3 . . . . . 1 1 Worker 22 | 1 2 . 1 . 1 1 . . . . . . . . . . 2 . . . . . . . 1 . 13 . Builder 11 | . 1 . 3 . . 1 . . . . 1 . . 1 . . 1 . . . . . . . . . 3 . Tunneler 8 | 7 . . . . . . . . . . . . . . . . . . . . . . . . . . 1 . Hauler 14 | . 2 . 3 . 1 . . . . . . . 1 . . . 1 . . . . . . . 4 1 1 . Recycler 18 | 1 5 . . . 3 . . . . . 1 . . 2 . . . . . . . . . . 1 . 4 1 Mechanic 1 | . . . . . . . . . . . . . . . . . . . . . . . . . . . 1 . Operator 7 | . . . 2 . . . . . . . . . . 1 . 4 . . . . . . . . . . . . Watcher 12 | . . . 3 . 2 1 . . . . 1 . . 1 1 . 1 . . . . . . . . . 1 1 Swarmer 30 | . 3 3 5 . . 1 . . . . . . 1 . . . 2 . . . . . . . . . 11 4 Saboteur 1 | . . . . . . . . . . . . . . 1 . . . . . . . . . . . . . . Grunt 52 | . 8 . 8 . 5 1 4 . . 2 . . 1 . . . 2 . . 1 9 . . 7 1 . 3 . Brawler 5 | . . . . . . 1 . . . . . . . 1 . . . . . . 1 . . . 1 . 1 . Duelist 1 | . . . . . . . . . . . . . . . . . . . . . 1 . . . . . . . Protector 2 | . . . . . . . . . . . . . . . . . 1 . . . . . . . 1 . . . Sentry 31 | . . . 5 . 3 3 . . . . 2 . . 8 . 1 . 1 1 1 . . . 1 1 . 3 1 Specialist 2 | . . . . . . . . . . . . . . . . . . . . . 1 . . 1 . . . . Hunter 11 | . . . . . 2 . . . . . . . . . . . . . . . . 2 . . . 1 6 . Programmer 28 | . . . . . . 1 . . . 1 3 . . . . . . . . . 1 . . . 1 2 15 4 Heavy 2 | . . . . . . . . . . . . . . . . . . 1 . . . . . 1 . . . . Behemoth 3 | . . . . . . . . 1 . . . . . 1 . . . . . . . . . . 1 . . . Enhanced Grunt 1 | . . . . . . . . . . . . . . . . . 1 . . . . . . . . . . . Lightning 1 | . . . . . . . . . . . . . . . . . 1 . . . . . . . . . . . Combat Programmer 1 | . . . . . . . . . . . . . . . . . . . . . . . . . . . . 1 Striker 3 | . . . . . . . . . . . . . . . . . . . . . 1 . . . 2 . . . Executioner 5 | . . . . . . . . . . . . . . . . . . . . . 3 . . . . 2 . . Thug 1 | . . . . . . . . . . . . . . . . . . . . . 1 . . . . . . . Butcher 1 | . . . . . . . . . . . . . . . . . 1 . . . . . . . . . . . Martyr 1 | . . . . . . . . . . . . 1 . . . . . . . . . . . . . . . . Wizard 1 | . . . . . . . . . . . . . . . . . . . . . . . . . . 1 . . Knight 1 | . . . . . . . . . . . . . . . . . . . . . . . . . . . . 1 Best Kill Streak 14 | 4 5 3 6 . 4 4 4 1 . 2 2 . 2 3 1 2 7 2 1 1 4 2 . 6 3 4 14 4 Combat Bots Only 8 | . 3 3 6 . 3 3 4 1 . 2 2 . 2 3 . 1 3 2 1 1 4 2 . 6 3 4 8 4 Max Kills in Single Turn 4 | 1 1 2 2 . 1 2 1 1 . 1 1 1 1 1 1 1 4 1 1 1 2 1 . 1 2 2 2 1 Gunslinging 1 | . . 1 . . . 1 . . . . . . . . . . . . . . . . . . . . 1 . Exploded 2 | . . . 2 . . . . . . . . . . . . . . . . . . . . . . . . . Melee 1 | . . . . . . 1 . . . . . . . . . . . . . . . . . . . . . . Uniques/NPCs Destroyed 1 | . . . . . . . . . . . . . . . . . . . . . . . . . . . . 1 Warlord (-1/Command) Combat | -11 -10 -10 -9 -9 -8 -7 -7 -7 -7 -6 -6 -6 -6 -6 -6 -6 -6 -5 -5 -5 -5 -4 -4 -4 -3 -2 -1 -1 -------- Run | Yrd Mat Min Mat Min Mat Fac Low Low Dat Pro Fac Was Fac Ext Cet Arc Hub Fac Upp Upp War Pro Fac DSF Res Res Acc Com Hostile Shots Fired 1958 | . 85 20 71 . 53 130 36 45 . 23 46 . . 88 11 . 106 15 4 7 33 48 . 109 115 40 350 523 Missed 613 | . 18 4 25 . 13 44 6 17 . 4 15 . . 46 3 . 28 4 . 2 12 20 . 30 39 11 110 162 Hits 1345 | . 67 16 46 . 40 86 30 28 . 19 31 . . 42 8 . 78 11 4 5 21 28 . 79 76 29 240 361 Melee 14 | . . . . . . 2 . . . . . . . . . . . . . . . . . . 9 . . 3 Projectile 1331 | . 67 16 46 . 40 84 30 28 . 19 31 . . 42 8 . 78 11 4 5 21 28 . 79 67 29 240 358 AOE 25 | . . . . . . . . . . . . . . . . . . . . . . . . . . . . 25 Critical Strikes 64 | . . . 1 . . 1 2 . . . . . . . 2 . 5 1 . . 3 . . 5 7 1 11 25 Actively Blocked 21 | . . . . . . . . . . . . . . . . . . . . . . . . . . . 8 13 Part Disruptions 7 | . . . . . . . . . . . . . . . . . . . . . . . . 1 1 1 4 . Damage Taken 26242 | . 783 133 527 26 643 812 499 806 . 342 276 . . 519 161 . 1749 314 96 115 485 427 . 2080 1807 755 4037 8850 Core 3215 | . 144 60 104 13 82 98 32 77 . 20 11 . . 25 13 . 179 84 . 47 23 62 . 262 128 134 290 1327 Absorbed by Shields 2919 | . . . . . . . . . . . . . . 11 76 . . . . . . . . 110 241 80 1791 610 Ignored by Resistances 117 | . . . . . . 117 . . . . . . . . . . . . . . . . . . . . . . Regen/Repaired (Parts) 1895 | . . . . . . 202 . . . . . 134 . 65 4 . 276 370 . . 402 . . . . 442 . . Core Remaining (%) 74 | 100 . 18 . 70 85 . . . . 67 . . . . . . 73 . . . . 78 . 77 90 90 . . Volleys Fired 665 | 24 85 8 65 2 45 26 13 13 . 24 11 1 6 22 5 13 11 8 4 4 33 9 . 29 29 12 107 56 Largest 4 | 2 2 2 3 1 3 3 3 3 . 3 2 3 3 3 3 3 3 4 4 4 4 4 . 4 4 4 4 4 Hottest 314 | 60 100 70 129 30 84 84 84 136 . 160 165 224 224 224 240 224 224 314 314 314 314 308 . 262 146 146 149 178 Shots Fired 1909 | 48 169 16 193 2 133 75 39 40 . 37 21 3 18 66 13 29 28 25 9 16 120 31 . 112 116 48 398 104 Gun 1381 | 48 168 16 192 . 132 75 39 40 . 21 2 . . . 1 . 2 . . . . 9 . 33 116 48 394 45 Cannon 506 | . . . . . . . . . . . 19 3 18 66 12 29 26 25 9 16 120 22 . 79 . . 4 58 Launcher 7 | . . . 1 2 1 . . . . 2 . . . . . . . . . . . . . . . . . 1 Special 15 | . 1 . . . . . . . . 14 . . . . . . . . . . . . . . . . . . Kinetic 1352 | 24 120 8 116 . 132 75 39 35 . 10 8 1 6 22 4 3 13 8 2 4 22 9 . 58 116 48 395 74 Thermal 546 | 24 49 8 76 . . . . 5 . 25 13 2 12 44 9 26 15 17 7 12 98 22 . 54 . . 3 25 Explosive 7 | . . . 1 2 1 . . . . 2 . . . . . . . . . . . . . . . . . 1 Electromagnetic 4 | . . . . . . . . . . . . . . . . . . . . . . . . . . . . 4 Robot Hit Streak 28 | 11 15 5 12 . 18 21 11 27 . 18 28 1 3 6 5 3 4 3 3 5 16 10 . 9 11 8 12 6 Robot Miss Streak 10 | 1 4 4 4 . 4 3 1 3 . 2 1 1 4 2 1 3 3 2 1 2 7 3 . 4 3 5 5 10 Penetration Max 2 | . . . . . 1 1 . . . 1 . . . . . . . . . . . . . . 2 1 1 . Secondary Targets 36 | . 3 2 5 . 2 1 3 . . 1 . . . . . . . . . . . . . . 1 3 15 . Max Gunslinging Chain 2 | . 1 1 1 . 1 1 1 . . 1 . . . . . . . . . . . . . . 1 1 2 . Shots Hit Robots 1175 | 35 108 7 116 . 84 60 18 34 . 28 23 2 7 66 12 17 12 13 3 7 50 21 . 56 81 28 230 57 Core Hits 517 | 14 49 4 45 . 34 20 9 7 . 15 9 . 4 19 3 6 19 6 2 4 32 6 . 24 37 14 112 23 Critical Kills 17 | . . . . . . 1 1 . . . . . . 2 . 1 1 . . . 1 . . 1 1 1 7 . Critical Parts Destroyed 26 | . . . . . 1 1 . . . . . 1 . . . 1 . . . . . . . 1 2 . 15 4 Critical Strikes 53 | . . . 2 . 1 3 1 . . 1 . 1 1 2 . 2 1 . . . 1 . . 2 6 1 22 6 Burn 2 | . . . 2 . . . . . . . . . . . . . . . . . . . . . . . . . Meltdown 5 | . . . . . . . . . . . . . . 2 . 1 . . . . 1 . . 1 . . . . Destroy 32 | . . . . . 1 2 1 . . . . . . . . . 1 . . . . . . 1 4 1 17 4 Blast 1 | . . . . . . . . . . . . . 1 . . . . . . . . . . . . . . . Smash 12 | . . . . . . 1 . . . . . 1 . . . 1 . . . . . . . . 2 . 5 2 Sever 1 | . . . . . . . . . . 1 . . . . . . . . . . . . . . . . . . Melee Attacks 251 | . . . . 3 8 17 5 16 . 40 16 1 8 32 3 5 2 1 3 . . . . . 19 1 59 12 Impact 216 | . . . . 3 8 17 5 16 . 40 13 1 8 3 . 5 2 1 3 . . . . . 19 1 59 12 Slashing 3 | . . . . . . . . . . . 3 . . . . . . . . . . . . . . . . . Piercing . | . . . . . . . . . . . . . . . . . . . . . . . . . . . . . Sneak Attacks 65 | . . . . . 1 2 . . . . 3 1 2 30 3 2 1 . . . . . . . 4 1 13 2 Combat Hostiles . | . . . . . . . . . . . . . . . . . . . . . . . . . . . . . Follow-up Attacks 1 | . . . . . . . . . . . 1 . . . . . . . . . . . . . . . . . Damage Inflicted 33784 | 354 1011 66 1844 . 1553 1555 396 807 . 602 963 74 449 1361 310 740 1389 411 92 222 1925 578 . 2038 3036 1180 8431 2397 Guns 19276 | 354 1011 66 1676 . 1352 1253 396 807 . 481 80 . . . . . 36 . . . . 86 . 571 2391 1059 6844 813 Cannons 9093 | . . . . . . . . . . . 558 31 185 1266 310 540 276 411 92 222 1925 492 . 1467 . . . 1318 Explosions 1103 | . . . 161 . . . . . . . . . . . . . 942 . . . . . . . . . . . Melee 4166 | . . . . . 201 302 . . . . 325 43 264 95 . 200 128 . . . . . . . 645 121 1587 255 Ramming 25 | . . . 7 . . . . . . . . . . . . . 7 . . . . . . . . . . 11 Kinetic 19913 | 134 626 28 1056 . 1352 1253 396 647 . 218 261 . 26 335 88 25 120 121 27 29 465 86 . 904 2391 1059 6844 1422 Thermal 8525 | 220 385 38 620 . . . . 160 . 384 377 31 159 931 222 515 192 290 65 193 1460 492 . 1134 . . . 657 Explosive 161 | . . . 161 . . . . . . . . . . . . . . . . . . . . . . . . . Electromagnetic 994 | . . . . . . . . . . . . . . . . . 942 . . . . . . . . . . 52 Impact 4090 | . . . . . 201 302 . . . . 249 43 264 95 . 200 128 . . . . . . . 645 121 1587 255 Slashing 76 | . . . . . . . . . . . 76 . . . . . . . . . . . . . . . . . Piercing . | . . . . . . . . . . . . . . . . . . . . . . . . . . . . . Highest Corruption 28 | . . . . . . 7 7 7 7 7 . . . 3 3 3 15 . . . . . . 1 2 8 24 28 Average Corruption 8 | . . . . . . 5 7 7 7 7 . . . 2 3 2 6 . . . . . . 1 1 7 9 23 Corruption Purged 16 | . . . . . . . . . . . . . . . . 3 . . . . . . . . . . . 13 Corruption Blocked . | . . . . . . . . . . . . . . . . . . . . . . . . . . . . . Effects 347 | . . . . . . 30 23 32 4 43 . . . 14 18 5 1 . . . . . . 1 9 16 95 56 Message Errors 77 | . . . . . . 9 2 10 4 8 . . . 1 4 1 1 . . . . . . . 3 4 20 10 Matter Fused 75 | . . . . . . 6 7 8 . 11 . . . 1 5 1 . . . . . . . . 4 4 22 6 Heat Flow Errors 41 | . . . . . . 3 4 4 . 10 . . . 2 2 1 . . . . . . . . 1 1 5 8 Energy Discharges 40 | . . . . . . 1 2 4 . 7 . . . 3 5 . . . . . . . . . 1 3 9 5 Parts Rejected 5 | . . . . . . . . . . . . . . 1 . . . . . . . . . . . . 1 3 Parts Fused 6 | . . . . . . 1 . . . 1 . . . . . . . . . . . . . . . 1 1 2 Data Loss (minor) 44 | . . . . . . 5 4 4 . 2 . . . 5 1 2 . . . . . . . 1 . 1 15 4 Data Loss (major) 17 | . . . . . . 2 2 . . 2 . . . . 1 . . . . . . . . . . 2 2 6 Misfires 12 | . . . . . . . 2 1 . 2 . . . . . . . . . . . . . . . . 6 1 Alerts 10 | . . . . . . 2 . 1 . . . . . 1 . . . . . . . . . . . . 2 4 Misdirections 4 | . . . . . . . . . . . . . . . . . . . . . . . . . . . . 4 Weapon Failures 16 | . . . . . . 1 . . . . . . . . . . . . . . . . . . . . 12 3 Overload Shots 1 | . . . . . . . . . . . . . . . 1 . . . . . . . . . . . . . Overflow Damage 2341 | . . . 8 . . 120 . . . 6 178 43 209 67 . 250 4 . . 1 . . . . 248 . 992 215 Projectiles 137 | . . . . . . . . . . 6 1 . . 1 . 60 . . . 1 . . . . . . . 68 Explosions 12 | . . . 8 . . . . . . . . . . . . . 4 . . . . . . . . . . . Melee 2192 | . . . . . . 120 . . . . 177 43 209 66 . 190 . . . . . . . . 248 . 992 147 Knockbacks 21 | . . . . . . . . . . . 1 2 2 1 . 2 1 . . . . . . 3 1 . 5 3 Impact 12 | . . . . . . . . . . . . 1 1 1 . 2 . . . . . . . . 1 . 5 1 Kinetic 8 | . . . . . . . . . . . 1 . 1 . . . 1 . . . . . . 3 . . . 2 Secondary 1 | . . . . . . . . . . . . 1 . . . . . . . . . . . . . . . . Self-Inflicted Damage 235 | . . . . 27 . . . . . . . . . . . . 101 . . . . . . . . . 102 5 Shots 3 | . . . . 1 . . . . . . . . . . . . 1 . . . . . . . . . 1 . Rammed 2 | . . . . . . . . . . . . . . . . . . . . . . . . . . . . 2 Targets Rammed 4 | . . . 1 . . . . . . . . . . . . . 1 . . . . . . . . . . 2 Kicked 2 | . . . 1 . . . . . . . . . . . . . 1 . . . . . . . . . . . Crushed . | . . . . . . . . . . . . . . . . . . . . . . . . . . . . . Highest Temperature 897 | 40 113 6 137 . 192 250 261 232 . 239 198 42 371 242 160 176 315 267 213 303 368 257 . 897 103 50 314 497 Average Temperature 89 | 19 31 3 48 . 61 44 147 71 . 88 58 28 132 75 71 42 119 159 76 160 132 156 . 267 33 50 54 125 Received Heat Transfer 3008 | . 342 . 213 . 180 159 306 132 . 135 36 . . 63 . . 36 . 18 36 111 . . 399 198 . 68 576 Effects 38 | . . . . . . . 1 . . . . . 1 . . . . . . . 5 . . 25 . . 5 1 Shutdowns 6 | . . . . . . . . . . . . . . . . . . . . . . . . 6 . . . . Energy Bleed 9 | . . . . . . . . . . . . . . . . . . . . . 4 . . 2 . . 2 1 Interference 7 | . . . . . . . 1 . . . . . . . . . . . . . . . . 3 . . 3 . Matter Decay 2 | . . . . . . . . . . . . . . . . . . . . . 1 . . 1 . . . . Short Circuit 1 | . . . . . . . . . . . . . . . . . . . . . . . . 1 . . . . Damage (minor) 7 | . . . . . . . . . . . . . 1 . . . . . . . . . . 6 . . . . Damage (major) 5 | . . . . . . . . . . . . . . . . . . . . . . . . 5 . . . . Damage (core) 1 | . . . . . . . . . . . . . . . . . . . . . . . . 1 . . . . Siege Activations . | . . . . . . . . . . . . . . . . . . . . . . . . . . . . . Martial Activations . | . . . . . . . . . . . . . . . . . . . . . . . . . . . . . Shielding Activations . | . . . . . . . . . . . . . . . . . . . . . . . . . . . . . Robots Disrupted . | . . . . . . . . . . . . . . . . . . . . . . . . . . . . . Combat Hostiles . | . . . . . . . . . . . . . . . . . . . . . . . . . . . . . Robots Corrupted 19 | . . . . . . . . . . . 2 1 . 1 . 2 4 . . . . . . . 2 . 5 2 Combat Hostiles 2 | . . . . . . . . . . . . . . . . . 2 . . . . . . . . . . . Parts Fried 45 | . . . . . . 2 . . . . 3 . . 1 . 6 14 . . . . . . . 2 . 15 2 Impact Corruptions 59 | . . . . . . 3 . . . . 6 1 4 3 . 4 . . . . . . . . 7 . 26 5 Robots Melted 7 | . . . . . . . . . . . 1 . . 2 . 1 . . . . 1 . . 2 . . . . Combat Hostiles 5 | . . . . . . . . . . . 1 . . 2 . . . . . . 1 . . 1 . . . . Parts Melted 42 | 1 1 . 6 . . . . . . 2 1 . . 8 . 1 1 . 2 2 8 4 . 3 . . . 2 Heat Transferred 13601 | 500 899 111 1781 . . . . 325 . 957 483 50 250 1425 350 800 300 437 100 274 1931 659 . 1479 . . . 490 Parts Sabotaged . | . . . . . . . . . . . . . . . . . . . . . . . . . . . . . Parts Stolen . | . . . . . . . . . . . . . . . . . . . . . . . . . . . . . Parts Stripped . | . . . . . . . . . . . . . . . . . . . . . . . . . . . . . Power Chain Reactions . | . . . . . . . . . . . . . . . . . . . . . . . . . . . . . Alert | -11 -10 -10 -9 -9 -8 -7 -7 -7 -7 -6 -6 -6 -6 -6 -6 -6 -6 -5 -5 -5 -5 -4 -4 -4 -3 -2 -1 -1 ------- Run | Yrd Mat Min Mat Min Mat Fac Low Low Dat Pro Fac Was Fac Ext Cet Arc Hub Fac Upp Upp War Pro Fac DSF Res Res Acc Com Maximum Alert Level 4 | . . . 1 . . . . . . . . . 1 4 3 2 4 2 . . . . . 1 1 . 3 2 Low Security (%) 56 | 100 100 100 87 100 100 100 . . . . 100 100 31 14 . 27 25 . . . . . 100 36 22 100 43 . Level 1 20 | . . . 12 . . . . . . . . . 68 14 . 51 30 15 . . . . . 63 77 . 23 40 Level 2 15 | . . . . . . . . . . . . . . 49 31 21 23 84 . . . . . . . . 13 59 Level 3 6 | . . . . . . . . . . . . . . 9 68 . 15 . . . . . . . . . 19 . Level 4 1 | . . . . . . . . . . . . . . 11 . . 5 . . . . . . . . . . . Level 5 . | . . . . . . . . . . . . . . . . . . . . . . . . . . . . . High Security . | . . . . . . . . . . . . . . . . . . . . . . . . . . . . . Max Security . | . . . . . . . . . . . . . . . . . . . . . . . . . . . . . Sterilizations 1 | . . . . . . . . . . . . . . . . . . . . . . . . 1 . . . . Peak Influence 1341 | 15 100 60 317 121 81 76 . . . . 81 24 292 1341 838 456 1130 543 . . . . . 275 381 156 910 606 Initial 731 | . 3 . . 121 4 24 . . . . . 24 . 125 731 272 38 543 . . . . . . 154 156 . 582 Average 228 | 2 48 15 67 40 34 22 . . . . 8 1 205 528 727 284 433 451 . . . . . 204 263 40 333 446 Influence Increases 10856 | 45 372 70 665 15 366 405 90 30 . 75 178 1 552 2164 365 263 1362 95 20 40 340 50 . 295 616 173 1623 586 Destroy 0b10 Robot/C 4860 | . 220 60 360 . 200 140 80 20 . 60 100 . 200 880 160 80 400 40 20 40 340 40 . 200 140 100 780 200 Destroy 0b10 Robot/NC 565 | 45 50 . 60 . 35 15 . . . 5 15 . 10 60 10 20 65 . . . . . . 5 35 5 120 10 Destroy Leader 918 | . 44 10 122 . 66 42 10 10 . 10 52 . 44 76 . . 86 20 . . . 10 . 20 48 32 164 52 Allied During Kill 2072 | . . . . . . . . . . . . . 254 1016 170 100 532 . . . . . . . . . . . Successful Hack 226 | . 12 . 23 . 4 60 . . . . . . . . . . . . . . . . . . 48 24 55 . Select Force Hacks 50 | . . . . . . . . . . . . . . . . . 50 . . . . . . . . . . . Disable Machine 390 | . . . . . 30 45 . . . . . . 30 30 15 45 75 . . . . . . 15 15 . 75 15 Anti-Garrison Action 300 | . . . . . . . . . . . . . . . . . . . . . . . . . 300 . . . Destroy Structure 590 | . 1 . 10 15 16 13 . . . . 11 1 14 27 10 18 139 20 . . . . . 10 30 12 189 54 Partial Spotted 45 | . . . . . . 15 . . . . . . . . . . . . . . . . . . . . 15 15 Lose Combat Pursuer 840 | . 45 . 90 . 15 75 . . . . . . . 75 . . 15 15 . . . . . 45 . . 225 240 Influence Decreases 10392 | 40 375 72 354 314 323 434 116 30 . 75 109 70 296 1114 989 834 363 791 408 66 156 234 . 20 613 451 713 1032 Entered New Map 2959 | . 2 2 . 190 8 31 10 . . . . 45 . 131 575 410 73 567 154 6 . 184 . . 121 122 . 328 Time Decay 6018 | 40 333 60 344 124 305 391 96 30 . 55 109 25 256 553 294 404 100 214 254 60 156 40 . . 452 309 580 434 Lost Part 592 | . 40 10 10 . 10 12 10 . . 20 . . . . . . 30 . . . . 10 . 20 40 20 90 270 Lost Ally 780 | . . . . . . . . . . . . . 40 430 120 20 160 10 . . . . . . . . . . Purge Threat 43 | . . . . . . . . . . . . . . . . . . . . . . . . . . . 43 . Squads Dispatched 57 | . 2 . 3 . 1 2 . . . . 4 . 4 4 . . 5 1 . . . . . 1 4 1 16 9 Investigation 9 | . . . 1 . 1 . . . . . . . . . . . 2 . . . . . . . 1 1 1 2 Extermination 15 | . . . . . . 2 . . . . 2 . 1 . . . . . . . . . . . . . 7 3 Reinforcement 19 | . 2 . 2 . . . . . . . 2 . . . . . 2 1 . . . . . 1 3 . 3 3 Assault 7 | . . . . . . . . . . . . . . 4 . . . . . . . . . . . . 2 1 Garrison 7 | . . . . . . . . . . . . . 3 . . . 1 . . . . . . . . . 3 . Intercept . | . . . . . . . . . . . . . . . . . . . . . . . . . . . . . Searches Triggered . | . . . . . . . . . . . . . . . . . . . . . . . . . . . . . Data Miner Redirects 3 | . . . . . . . . . . . . . . . . . . . . . . . . . . . 2 1 Construction Impeded 1 | . . . . . . . . . . . . . . . . . 1 . . . . . . . . . . . Haulers Reinforced 3 | . . . . . . . . . . . . . . . . . 1 . . . . . . . 2 . . . Active Scanning Responses . | . . . . . . . . . . . . . . . . . . . . . . . . . . . . . Cargo Convoy Interrupts . | . . . . . . . . . . . . . . . . . . . . . . . . . . . . . Stealth | -11 -10 -10 -9 -9 -8 -7 -7 -7 -7 -6 -6 -6 -6 -6 -6 -6 -6 -5 -5 -5 -5 -4 -4 -4 -3 -2 -1 -1 --------- Run | Yrd Mat Min Mat Min Mat Fac Low Low Dat Pro Fac Was Fac Ext Cet Arc Hub Fac Upp Upp War Pro Fac DSF Res Res Acc Com Distress Signals 35 | . 2 . 4 . 1 . . . . . . . . 5 2 . 2 . . . . . . . 8 6 5 . Communications Jammed 64 | . . . . . . . . . . . . . . . . . . . . . . . . . 22 . 1 41 Distress Signals 64 | . . . . . . . . . . . . . . . . . . . . . . . . . 22 . 1 41 Times Spotted 494 | . 22 4 33 . 16 15 4 1 . 3 10 . 10 49 6 10 20 2 1 2 77 2 . 13 27 12 69 86 Peak Tracking Total 16 | . 4 3 8 . 4 3 4 1 . 2 2 . 4 8 5 1 7 2 1 1 12 2 . 6 9 4 10 16 Tactical Retreats 37 | . 3 . 2 . 1 5 . . . . . . . 1 . . 1 1 . . . . . 2 . . 7 14 Traps | -11 -10 -10 -9 -9 -8 -7 -7 -7 -7 -6 -6 -6 -6 -6 -6 -6 -6 -5 -5 -5 -5 -4 -4 -4 -3 -2 -1 -1 ------- Run | Yrd Mat Min Mat Min Mat Fac Low Low Dat Pro Fac Was Fac Ext Cet Arc Hub Fac Upp Upp War Pro Fac DSF Res Res Acc Com Traps Triggered 16 | . 1 . 1 . 1 3 . . . . 1 . . 3 . . . . . . . . . 2 1 . 1 2 Indirectly . | . . . . . . . . . . . . . . . . . . . . . . . . . . . . . Trap Hack Attempts . | . . . . . . . . . . . . . . . . . . . . . . . . . . . . . Triggered . | . . . . . . . . . . . . . . . . . . . . . . . . . . . . . Disarmed . | . . . . . . . . . . . . . . . . . . . . . . . . . . . . . Reprogrammed . | . . . . . . . . . . . . . . . . . . . . . . . . . . . . . Reused . | . . . . . . . . . . . . . . . . . . . . . . . . . . . . . Traps Extracted . | . . . . . . . . . . . . . . . . . . . . . . . . . . . . . Installed . | . . . . . . . . . . . . . . . . . . . . . . . . . . . . . Triggered . | . . . . . . . . . . . . . . . . . . . . . . . . . . . . . Machines | -11 -10 -10 -9 -9 -8 -7 -7 -7 -7 -6 -6 -6 -6 -6 -6 -6 -6 -5 -5 -5 -5 -4 -4 -4 -3 -2 -1 -1 ---------- Run | Yrd Mat Min Mat Min Mat Fac Low Low Dat Pro Fac Was Fac Ext Cet Arc Hub Fac Upp Upp War Pro Fac DSF Res Res Acc Com Machines Disabled 32 | . . . . . 2 3 . . . . . . 2 5 1 3 5 . . . 1 . . 1 3 . 5 1 Max in Single Turn 3 | . . . . . 1 1 . . . . . . 1 1 1 . 3 . . . 1 . . 1 1 . 1 1 Garrison Access 6 | . . . . . . 1 . . . . . . . . . . . . . . . . . . 2 2 1 . Network Hub 2 | . . . . . . . . . . . . . . . . . 2 . . . . . . . . . . . Machines Repaired . | . . . . . . . . . . . . . . . . . . . . . . . . . . . . . Machines Dismantled . | . . . . . . . . . . . . . . . . . . . . . . . . . . . . . Machines Sabotaged 1 | . . . . . . . . . . . . . . . . . 1 . . . . . . . . . . . Overloaded Fab Kills . | . . . . . . . . . . . . . . . . . . . . . . . . . . . . . Hacking | -11 -10 -10 -9 -9 -8 -7 -7 -7 -7 -6 -6 -6 -6 -6 -6 -6 -6 -5 -5 -5 -5 -4 -4 -4 -3 -2 -1 -1 --------- Run | Yrd Mat Min Mat Min Mat Fac Low Low Dat Pro Fac Was Fac Ext Cet Arc Hub Fac Upp Upp War Pro Fac DSF Res Res Acc Com Machines Accessed 50 | . 3 . 6 . 3 4 . . 4 . 2 . 2 1 1 . 2 1 . . 1 . 1 . 5 2 9 3 Terminals 32 | . 2 . 4 . 3 2 . . . . 1 . 1 1 1 . 2 . . . . . 1 . 1 2 8 3 Fabricators . | . . . . . . . . . . . . . . . . . . . . . . . . . . . . . Repair Stations 1 | . . . . . . 1 . . . . . . . . . . . . . . . . . . . . . . Recycling Units 2 | . 1 . . . . . . . . . 1 . . . . . . . . . . . . . . . . . Scanalyzers 5 | . . . 2 . . . . . . . . . . . . . . 1 . . . . . . 2 . . . Garrison Access 5 | . . . . . . 1 . . . . . . 1 . . . . . . . . . . . 2 . 1 . Total Hacks 149 | . 6 . 11 . 12 9 . . 31 . 3 . 4 2 1 . 4 6 . . 1 . 1 . 16 7 26 9 Successful 71 | . 3 . 8 . 3 7 . . 31 . 2 . . 1 . . 1 3 . . 1 . 1 . 2 1 7 . Failed 78 | . 3 . 3 . 9 2 . . . . 1 . 4 1 1 . 3 3 . . . . . . 14 6 19 9 Catastrophic 21 | . . . . . 1 . . . . . 1 . 1 . 1 . . 2 . . . . . . 4 1 5 5 Database Lockouts . | . . . . . . . . . . . . . . . . . . . . . . . . . . . . . Manual 32 | . 2 . 2 . 6 1 . . . . . . 1 2 1 . 4 . . . 1 . . . . 1 7 4 Terminals 82 | . 5 . 5 . 12 5 . . . . 1 . 1 2 1 . 4 . . . . . 1 . 4 7 25 9 Fabricators . | . . . . . . . . . . . . . . . . . . . . . . . . . . . . . Repair Stations 2 | . . . . . . 2 . . . . . . . . . . . . . . . . . . . . . . Recycling Units 3 | . 1 . . . . . . . . . 2 . . . . . . . . . . . . . . . . . Scanalyzers 18 | . . . 6 . . . . . . . . . . . . . . 6 . . . . . . 6 . . . Garrison Access 12 | . . . . . . 2 . . . . . . 3 . . . . . . . . . . . 6 . 1 . Terminal Hacks 49 | . 2 . 1 . 3 3 . . 31 . . . . 1 . . . . . . 1 . 1 . . 1 5 . Record 11 | . . . . . . . . . 11 . . . . . . . . . . . . . . . . . . . Part Schematic 10 | . . . . . . . . . 10 . . . . . . . . . . . . . . . . . . . Robot Schematic 7 | . . . . . . . . . 7 . . . . . . . . . . . . . . . . . . . Robot Analysis 1 | . 1 . . . . . . . . . . . . . . . . . . . . . . . . . . . Prototype ID Bank 3 | . . . . . . . . . 3 . . . . . . . . . . . . . . . . . . . Open Door 1 | . . . . . . . . . . . . . . . . . . . . . 1 . . . . . . . Open DSF 1 | . . . . . . . . . . . . . . . . . . . . . . . 1 . . . . . Level Access Points 1 | . . . . . . . . . . . . . . . . . . . . . . . . . . 1 . . Branch Access Points 1 | . . . . . . 1 . . . . . . . . . . . . . . . . . . . . . . Terminal Index 1 | . . . . . . . . . . . . . . . . . . . . . . . . . . . 1 . Alert Level 1 | . . . . . . . . . . . . . . 1 . . . . . . . . . . . . . . Unreport Threat 1 | . . . . . . . . . . . . . . . . . . . . . . . . . . . 1 . Locate Traps 1 | . . . . . . . . . . . . . . . . . . . . . . . . . . . 1 . Hauler Manifests 1 | . . . . . 1 . . . . . . . . . . . . . . . . . . . . . . . Registered Components 3 | . 1 . . . 1 1 . . . . . . . . . . . . . . . . . . . . . . Zone Layout 5 | . . . 1 . 1 1 . . . . . . . . . . . . . . . . . . . . 2 . Fabricator Hacks . | . . . . . . . . . . . . . . . . . . . . . . . . . . . . . Repair Station Hacks 2 | . . . . . . 2 . . . . . . . . . . . . . . . . . . . . . . Scan Component 1 | . . . . . . 1 . . . . . . . . . . . . . . . . . . . . . . Repair 1 | . . . . . . 1 . . . . . . . . . . . . . . . . . . . . . . Recycling Unit Hacks 3 | . 1 . . . . . . . . . 2 . . . . . . . . . . . . . . . . . Report Inventory 1 | . . . . . . . . . . . 1 . . . . . . . . . . . . . . . . . Retrieve Components 2 | . 1 . . . . . . . . . 1 . . . . . . . . . . . . . . . . . Scanalyzer 10 | . . . 5 . . . . . . . . . . . . . . 3 . . . . . . 2 . . . Insert Component 2 | . . . 1 . . . . . . . . . . . . . . 1 . . . . . . . . . . Analyze 1 | . . . 1 . . . . . . . . . . . . . . . . . . . . . . . . . Retrieve Study 7 | . . . 3 . . . . . . . . . . . . . . 2 . . . . . . 2 . . . Garrison Access Hacks 2 | . . . . . . 1 . . . . . . . . . . . . . . . . . . . . 1 . Seal Access 2 | . . . . . . 1 . . . . . . . . . . . . . . . . . . . . 1 . Unauthorized Hacks 5 | . . . 2 . . 1 . . . . . . . . . . 1 . . . . . . . . . 1 . Terminals 5 | . . . 2 . . 1 . . . . . . . . . . 1 . . . . . . . . . 1 . Assimilate 2 | . . . 1 . . . . . . . . . . . . . . . . . . . . . . . 1 . Botnet 2 | . . . 1 . . 1 . . . . . . . . . . . . . . . . . . . . . . Sabotage 1 | . . . . . . . . . . . . . . . . . 1 . . . . . . . . . . . Fabricators . | . . . . . . . . . . . . . . . . . . . . . . . . . . . . . Repair Stations . | . . . . . . . . . . . . . . . . . . . . . . . . . . . . . Recycling Units . | . . . . . . . . . . . . . . . . . . . . . . . . . . . . . Scanalyzers . | . . . . . . . . . . . . . . . . . . . . . . . . . . . . . Garrison Access . | . . . . . . . . . . . . . . . . . . . . . . . . . . . . . Data Cores Recovered 2 | . . . 1 . . . . . . . . . . 1 . . . . . . . . . . . . . . Used . | . . . . . . . . . . . . . . . . . . . . . . . . . . . . . Hacking Detections 32 | . 2 . 2 . 2 1 . . . . 2 . 2 1 1 . 1 1 . . . . . . 4 2 8 3 Full Trace Events 4 | . . . . . . . . . . . . . . . . . 1 . . . . . . . . 1 1 1 Feedback Events . | . . . . . . . . . . . . . . . . . . . . . . . . . . . . . Feedback Blocked . | . . . . . . . . . . . . . . . . . . . . . . . . . . . . . Robot Schematics Acquired 7 | . . . . . . . . . 7 . . . . . . . . . . . . . . . . . . . Robots Built . | . . . . . . . . . . . . . . . . . . . . . . . . . . . . . Authchips . | . . . . . . . . . . . . . . . . . . . . . . . . . . . . . Time . | . . . . . . . . . . . . . . . . . . . . . . . . . . . . . Total Robot Build Rating . | . . . . . . . . . . . . . . . . . . . . . . . . . . . . . Part Schematics Acquired 11 | . . . 1 . . . . . 10 . . . . . . . . . . . . . . . . . . . Parts Built . | . . . . . . . . . . . . . . . . . . . . . . . . . . . . . Authchips . | . . . . . . . . . . . . . . . . . . . . . . . . . . . . . Time . | . . . . . . . . . . . . . . . . . . . . . . . . . . . . . Total Part Build Rating . | . . . . . . . . . . . . . . . . . . . . . . . . . . . . . Part Studies Acquired 7 | . . . 3 . . . . . . . . . . . . . . 2 . . . . . . 2 . . . Parts Repaired 1 | . . . . . . 1 . . . . . . . . . . . . . . . . . . . . . . Time 44 | . . . . . . 44 . . . . . . . . . . . . . . . . . . . . . . Parts Recycled . | . . . . . . . . . . . . . . . . . . . . . . . . . . . . . Recycled Matter . | . . . . . . . . . . . . . . . . . . . . . . . . . . . . . Retrieved Matter . | . . . . . . . . . . . . . . . . . . . . . . . . . . . . . Retrieved Components 10 | . 9 . . . . . . . . . 1 . . . . . . . . . . . . . . . . . Parts Scanalyzed 2 | . . . 1 . . . . . . . . . . . . . . 1 . . . . . . . . . . Part Schematics Acquired 1 | . . . 1 . . . . . . . . . . . . . . . . . . . . . . . . . Parts Damaged . | . . . . . . . . . . . . . . . . . . . . . . . . . . . . . Bothacking | -11 -10 -10 -9 -9 -8 -7 -7 -7 -7 -6 -6 -6 -6 -6 -6 -6 -6 -5 -5 -5 -5 -4 -4 -4 -3 -2 -1 -1 ------------ Run | Yrd Mat Min Mat Min Mat Fac Low Low Dat Pro Fac Was Fac Ext Cet Arc Hub Fac Upp Upp War Pro Fac DSF Res Res Acc Com Used RIF Installer . | . . . . . . . . . . . . . . . . . . . . . . . . . . . . . Robots Hacked 4 | . . . . . . . . . . . . . . 1 3 . . . . . . . . . . . . . Non-combat . | . . . . . . . . . . . . . . . . . . . . . . . . . . . . . Combat 4 | . . . . . . . . . . . . . . 1 3 . . . . . . . . . . . . . Robot Hacks Applied 4 | . . . . . . . . . . . . . . 1 3 . . . . . . . . . . . . . parse_system 4 | . . . . . . . . . . . . . . 1 3 . . . . . . . . . . . . . Relay Couplers Released 12 | . . . . . . . . . . . 4 . . . . . . . . . . . . . 5 3 . . Machine Destruction 8 | . . . . . . . . . . . . . . . . . . . . . . . . . 5 3 . . Programmers 4 | . . . . . . . . . . . 4 . . . . . . . . . . . . . . . . . Fabnet Peak Effective % . | . . . . . . . . . . . . . . . . . . . . . . . . . . . . . Robots Rewired 23 | . . . . . . . . . . . . . . 23 . . . . . . . . . . . . . . Allies Hacked . | . . . . . . . . . . . . . . . . . . . . . . . . . . . . . Hacks Repelled . | . . . . . . . . . . . . . . . . . . . . . . . . . . . . . Allies | -11 -10 -10 -9 -9 -8 -7 -7 -7 -7 -6 -6 -6 -6 -6 -6 -6 -6 -5 -5 -5 -5 -4 -4 -4 -3 -2 -1 -1 -------- Run | Yrd Mat Min Mat Min Mat Fac Low Low Dat Pro Fac Was Fac Ext Cet Arc Hub Fac Upp Upp War Pro Fac DSF Res Res Acc Com Total Allies 54 | . . . 1 . . . . . . . . 20 . 27 5 . . . . . . . . . . . 1 . Largest Group 29 | . . . 1 . . . . . . . . 20 19 29 22 19 17 1 . . . . . . . . 1 . Highest-Rated Group 1169 | . . . 10 . . . . . . . . 720 670 973 1169 1060 855 26 . . . . . . . . 45 . Highest-Rated Ally 159 | . . . 10 . . . . . . . . 50 46 159 159 159 96 26 . . . . . . . . 45 . Initial Warlord ECA Mod 9 | . . . . . . . . . . . . . . . . . . . . . . . . . 9 8 7 7 Total Orders . | . . . . . . . . . . . . . . . . . . . . . . . . . . . . . Ally Attacks 494 | . . . . . . . . . . . . . 57 257 55 22 103 . . . . . . . . . . . Total Damage 12278 | . . . . . . . . . . . . . 948 5852 1423 455 3600 . . . . . . . . . . . Kills 89 | . . . . . . . . . . . . . 9 41 9 3 27 . . . . . . . . . . . Allies Corrupted 6 | . . . . . . . . . . . . 1 . 1 . . 4 . . . . . . . . . . . Allies Melted 3 | . . . . . . . . . . . . . . 1 . . . . . . . . . . . 2 . . Intel | -11 -10 -10 -9 -9 -8 -7 -7 -7 -7 -6 -6 -6 -6 -6 -6 -6 -6 -5 -5 -5 -5 -4 -4 -4 -3 -2 -1 -1 ------- Run | Yrd Mat Min Mat Min Mat Fac Low Low Dat Pro Fac Was Fac Ext Cet Arc Hub Fac Upp Upp War Pro Fac DSF Res Res Acc Com Active Infowar (turns) 16350 | 90 487 . 372 398 516 1332 813 914 173 1078 794 7 541 358 . . 37 336 409 524 665 364 76 18 1133 1191 2649 1075 Optics 4245 | . . . . . . . . . . . . . . . . . . . . . . . . . . 537 2633 1075 Sensors 10520 | . . . . . . . 813 914 173 503 459 7 541 358 . . 37 336 409 524 664 360 76 18 991 1191 2145 1 Seismic 4283 | 90 487 . 372 398 516 1332 . . . 575 513 . . . . . . . . . . . . . . . . . Jamming 2657 | . . . . . . 248 . . . . . . . . . . . . . . 1 4 . . 1130 559 549 166 Robot Analysis Total 1 | . 1 . . . . . . . . . . . . . . . . . . . . . . . . . . . Derelict Logs Recovered 8 | . . 1 . . . . 2 1 . 1 . . . . . . . . 1 1 . 1 . . . . . . Drone Launches . | . . . . . . . . . . . . . . . . . . . . . . . . . . . . . Drone Recoveries . | . . . . . . . . . . . . . . . . . . . . . . . . . . . . . Exploration | -11 -10 -10 -9 -9 -8 -7 -7 -7 -7 -6 -6 -6 -6 -6 -6 -6 -6 -5 -5 -5 -5 -4 -4 -4 -3 -2 -1 -1 ------------- Run | Yrd Mat Min Mat Min Mat Fac Low Low Dat Pro Fac Was Fac Ext Cet Arc Hub Fac Upp Upp War Pro Fac DSF Res Res Acc Com Turns Passed 23667 | 234 993 229 984 398 741 1365 863 1001 173 1378 964 621 627 1607 656 970 213 443 554 597 1145 415 76 368 1137 1191 2649 1075 Spaces Moved 12583 | 116 555 143 448 177 421 632 436 462 89 630 541 266 262 648 264 111 79 184 259 269 709 274 69 197 790 924 1560 1068 Core 761 | 6 . . . . . . . . . . . . . . . . . . . . . . . . . . . 755 Treads . | . . . . . . . . . . . . . . . . . . . . . . . . . . . . . Legs 11822 | 110 555 143 448 177 421 632 436 462 89 630 541 266 262 648 264 111 79 184 259 269 709 274 69 197 790 924 1560 313 Wheels . | . . . . . . . . . . . . . . . . . . . . . . . . . . . . . Hover . | . . . . . . . . . . . . . . . . . . . . . . . . . . . . . Flight . | . . . . . . . . . . . . . . . . . . . . . . . . . . . . . Fastest Speed 50 | 50 120 120 110 118 117 116 182 182 186 117 118 126 126 126 126 126 209 194 194 194 108 108 107 107 113 115 114 50 Average Speed 141 | 116 120 120 144 118 117 166 182 184 186 162 150 191 207 203 208 207 209 200 194 194 120 108 107 115 115 117 116 71 Slowest Speed 257 | 120 120 120 185 118 117 186 185 186 186 257 209 209 209 209 209 209 209 209 194 194 194 108 107 181 185 120 120 125 Overloaded Moves . | . . . . . . . . . . . . . . . . . . . . . . . . . . . . . Propulsion Burnouts . | . . . . . . . . . . . . . . . . . . . . . . . . . . . . . Robots Hopped . | . . . . . . . . . . . . . . . . . . . . . . . . . . . . . Potential Cave-ins 6 | . . . . . . . . . . . . . . . . . . . . . . . . . . . 6 . Cave-ins Triggered . | . . . . . . . . . . . . . . . . . . . . . . . . . . . . . Exploration Rate (%) 47 | 4 84 36 54 41 40 20 56 53 68 78 16 95 8 85 72 77 19 7 42 49 82 46 3 93 28 32 43 44 Regions Visited 28 Branch Regions 15 Pre-discovered Areas 3 | . . . . . . . 1 . 1 . . . . . . . . . . 1 . . . . . . . . Known Exits Taken 20 | . . . 1 . . 1 1 1 1 1 . . 1 1 1 1 1 1 1 1 1 1 1 . 1 1 1 . Unknown Exits Taken 5 | 1 1 1 . 1 1 . . . . . . . . . . . . . . . . . . . . . . . Scrap Searched 9 | . . 1 . . . . 1 . . 1 . . . . . . . . . 2 . 4 . . . . . . Spaces Dug 209 | . 1 . . 14 12 11 10 13 . 33 9 . 9 2 . 3 3 1 5 . 15 . . . 5 . 55 8 Terrain Destroyed 605 | . 1 . 6 27 14 13 14 13 . 57 11 1 13 14 2 15 167 9 9 7 24 14 . 6 25 19 94 30 Melee 139 | . . . . 3 4 11 5 13 . 33 9 . 6 2 . 3 1 1 3 . . . . . 5 . 34 6 Projectile 229 | . 1 . . . 1 2 9 . . . 2 1 7 12 2 12 12 8 6 7 24 14 . 6 19 19 41 24 AOE 232 | . . . 6 24 8 . . . . 24 . . . . . . 154 . . . . . . . . . 16 . Terrain Rammed . | . . . . . . . . . . . . . . . . . . . . . . . . . . . . . Walls Destroyed . | . . . . . . . . . . . . . . . . . . . . . . . . . . . . . Machines Disabled . | . . . . . . . . . . . . . . . . . . . . . . . . . . . . . Actions | -11 -10 -10 -9 -9 -8 -7 -7 -7 -7 -6 -6 -6 -6 -6 -6 -6 -6 -5 -5 -5 -5 -4 -4 -4 -3 -2 -1 -1 --------- Run | Yrd Mat Min Mat Min Mat Fac Low Low Dat Pro Fac Was Fac Ext Cet Arc Hub Fac Upp Upp War Pro Fac DSF Res Res Acc Com Total 16659 | 168 735 185 641 357 553 855 466 551 97 865 649 372 316 880 359 816 100 236 298 333 926 368 71 264 907 995 2017 1279 Wait 2384 | 19 67 34 72 172 44 147 9 52 1 151 43 92 35 59 66 680 . 31 31 57 134 80 . 21 2 13 206 66 Move 12557 | 115 554 142 447 176 420 631 435 461 88 629 541 265 261 647 263 110 79 183 258 268 708 273 68 196 789 923 1559 1068 Hop . | . . . . . . . . . . . . . . . . . . . . . . . . . . . . . Pick Up 137 | 3 12 . 17 . 9 12 . 1 1 2 11 2 1 2 6 . . 4 . . 11 . 1 3 10 6 16 7 Fast Attach 111 | 7 3 1 6 . 4 1 1 . 3 2 7 2 . 3 1 4 . 1 . . 9 . . 6 14 12 8 16 Attach 82 | . 4 . 3 . 3 4 . 5 . 6 4 . . . . . 4 1 . . 1 . 2 3 5 4 9 24 Detach 26 | . . . . . . . . . . 2 5 . . . . . . . . . 3 . . . 2 2 . 12 Swap 177 | . 5 . 14 4 10 8 3 2 . 5 5 5 4 10 8 . 3 6 2 4 7 6 . 2 16 5 40 3 Drop 161 | . 5 . 16 . 10 4 . 1 4 1 9 4 1 5 7 4 1 1 . . 20 . . 4 21 17 13 13 Fire 665 | 24 85 8 65 2 45 26 13 13 . 24 11 1 6 22 5 13 11 8 4 4 33 9 . 29 29 12 107 56 Melee 248 | . . . . 3 8 17 5 16 . 40 13 1 8 32 3 5 2 1 3 . . . . . 19 1 59 12 Ram 2 | . . . . . . . . . . . . . . . . . . . . . . . . . . . . 2 Kick 1 | . . . 1 . . . . . . . . . . . . . . . . . . . . . . . . . Crush . | . . . . . . . . . . . . . . . . . . . . . . . . . . . . . Escape Stasis 16 | . . . . . . 5 . . . . . . . 11 . . . . . . . . . . . . . . Rewire 92 | . . . . . . . . . . 3 . . . 89 . . . . . . . . . . . . . . Trap . | . . . . . . . . . . . . . . . . . . . . . . . . . . . . . Miscellaneous . | . . . . . . . . . . . . . . . . . . . . . . . . . . . . . Route ------- -11/Scrapyard -10/Materials (discovered 4 exits: *Mat x2 / [*Min x2]) -10/Mines -9/Materials (discovered 3 exits: *Mat / *Min x2) -9/Mines -8/Materials -7/Factory (discovered 2 exits: *Low x2) -7/Lower Caves -7/Lower Caves -7/Data Miner -6/Proximity Caves -6/Factory -6/Waste -6/Factory -6/Extension (discovered 2 exits: *Fac / *Cet) -6/Cetus (discovered 2 exits: *Fac / *Arc) -6/Archives (discovered 3 exits: *Fac / *Hub x2) -6/Hub_04(d) -5/Factory -5/Upper Caves -5/Upper Caves -5/Warlord -4/Proximity Caves -4/Factory -4/DSF -3/Research -2/Research (discovered 3 exits: *Acc x3) -1/Access -1/Command History --------- Turn | Location | Event 49 | -11/Scrapyard | Discovered new exit (range 15) 235 | -11/Scrapyard | Entered Materials 312 | -10/Materials | Build established: Mutant 373 | -10/Materials | Discovered new exit (range 7) 549 | -10/Materials | Discovered new exit (range 16) 675 | -10/Materials | Discovered new exit (range 9) 939 | -10/Materials | Core integrity fell below 50% 1226 | -10/Materials | Discovered new exit (range 14) 1228 | -10/Materials | Entered Mines 1238 | -10/Mines | Core integrity fell below 20% 1345 | -10/Mines | Build established: Scavenger-Mutant 1411 | -10/Mines | Learned location of 1 exit from Materials 1411 | -10/Mines | Discovered new exit (range 14) 1457 | -10/Mines | Entered Materials 1457 | -9/Materials | Evolved 2 slots: Propulsion x1, Weapon x1 1458 | -9/Materials | Identified exit to Mines 1740 | -9/Materials | Build established: Scavenger-Gunner 1761 | -9/Materials | Discovered new exit (range 10) 2206 | -9/Materials | Discovered exit to Mines (range 13) 2441 | -9/Materials | Entered Mines 2624 | -9/Mines | Assembled infested the area 2629 | -9/Mines | Assisted by a Guerilla fighting off Assembled 2691 | -9/Mines | Build established: Gunner 2826 | -9/Mines | Discovered new exit (range 13) 2839 | -9/Mines | Entered Materials 2839 | -8/Materials | Evolved 2 slots: Propulsion x1, Utility x1 3141 | -8/Materials | Discovered new exit (range 13) 3580 | -8/Materials | Entered Factory 3580 | -7/Factory | Evolved 2 slots: Utility x1, Weapon x1 4285 | -7/Factory | Identified exit to Lower Caves 4858 | -7/Factory | Repaired Med. Reactive Plating 4945 | -7/Factory | Entered Lower Caves 5212 | -7/Lower Caves | Encountered a Warlord checkpoint 5283 | -7/Lower Caves | Build established: Skirmisher 5646 | -7/Lower Caves | Learned location of Zion (-6) 5782 | -7/Lower Caves | Discovered new exit (range 13) 5806 | -7/Lower Caves | Identified exit to Lower Caves 5808 | -7/Lower Caves | Entered another Lower Caves area 6076 | -7/Lower Caves | Learned Factory emergency access door positions 6109 | -7/Lower Caves | Spotted B-75 Beast 6162 | -7/Lower Caves | Destroyed B-75 Beast 6188 | -7/Lower Caves | Lost 5 parts (3n2w) 6215 | -7/Lower Caves | Discovered new exit (range 7) 6228 | -7/Lower Caves | Identified exit to Data Miner 6809 | -7/Lower Caves | Entered Data Miner 6811 | -7/Data Miner | Discovered new exit (range 6) 6846 | -7/Data Miner | Met Data Miner 6882 | -7/Data Miner | Learned location of Section 7 (-2) 6882 | -7/Data Miner | Acquired the access code to Warlord's prototype stash 6906 | -7/Data Miner | Received God Mode back door access code from Data Miner 6980 | -7/Data Miner | Identified exit to Proximity Caves 6982 | -7/Data Miner | Entered Proximity Caves 7543 | -6/Proximity Caves | Lost 6 parts (1p2n3w) 7792 | -6/Proximity Caves | Build established: Scavenger-Mutant 7818 | -6/Proximity Caves | Learned Factory emergency access door positions 8325 | -6/Proximity Caves | Discovered new exit (range 10) 8358 | -6/Proximity Caves | Identified exit to Factory 8360 | -6/Proximity Caves | Entered Factory 8360 | -6/Factory | Evolved 2 slots: Propulsion x1, Utility x1 8420 | -6/Factory | Discovered new exit (range 6) 8431 | -6/Factory | Identified exit to Factory 9324 | -6/Factory | Sucked down chute 9324 | -6/Factory | Entered Waste 9325 | -6/Waste | Joined by Warlord forces that had cleared the area 9622 | -6/Waste | Build established: Scavenger-Gunner 9846 | -6/Waste | Discovered new exit (range 16) 9904 | -6/Waste | Identified exit to Factory 9945 | -6/Waste | Entered Factory 9945 | -6/Factory | Accompanied by 19 allies 10019 | -6/Factory | Garrison activated, responded to threat 10402 | -6/Factory | Build established: Skirmisher 10513 | -6/Factory | Discovered new exit (range 15) 10559 | -6/Factory | Identified exit to Extension 10572 | -6/Factory | Entered Extension 10572 | -6/Extension | Accompanied by 17 allies 10764 | -6/Extension | Spotted B-75 Beast 10771 | -6/Extension | Destroyed B-75 Beast 10787 | -6/Extension | Spotted B-75 Beast 10808 | -6/Extension | Allies destroyed B-75 Beast 10828 | -6/Extension | Lost 3 allies 10873 | -6/Extension | Rescued a captive Derelict 11272 | -6/Extension | First assault squad dispatched 11356 | -6/Extension | Rescued a captive Derelict 11357 | -6/Extension | Rescued a captive Derelict 11362 | -6/Extension | Build established: Commander-Gunner 11646 | -6/Extension | Rescued A7 11871 | -6/Extension | Lost 9 allies 12117 | -6/Extension | Discovered exit to Factory (range 10) 12119 | -6/Extension | Discovered new exit (range 6) 12129 | -6/Extension | Identified exit to Cetus 12179 | -6/Extension | Entered Cetus 12179 | -6/Cetus | Accompanied by 20 allies (A7) 12184 | -6/Cetus | Acquired a Cetus Manufacturing Module code from A7 12200 | -6/Cetus | Spotted Cetus Guard 12207 | -6/Cetus | Allies destroyed Cetus Guard 12233 | -6/Cetus | Lost 3 allies 12317 | -6/Cetus | Started Cetus Manufacturing Module 12342 | -6/Cetus | Manufactured an Enhanced Grunt 12367 | -6/Cetus | Manufactured an Enhanced Grunt 12392 | -6/Cetus | Manufactured an Enhanced Grunt 12417 | -6/Cetus | Manufactured an Enhanced Grunt 12442 | -6/Cetus | Manufactured an Enhanced Grunt 12447 | -6/Cetus | Escorted A7 to Cetus Mainframe 12605 | -6/Cetus | Discovered new exit (range 16) 12648 | -6/Cetus | Spotted Cetus Guard 12648 | -6/Cetus | Spotted Cetus Guard 12651 | -6/Cetus | Spotted Cetus Guard 12651 | -6/Cetus | Spotted Cetus Guard 12664 | -6/Cetus | Allies destroyed Cetus Guard 12668 | -6/Cetus | Allies destroyed Cetus Guard 12670 | -6/Cetus | Allies destroyed Cetus Guard 12675 | -6/Cetus | Discovered exit to Factory (range 16) 12676 | -6/Cetus | Allies destroyed Cetus Guard 12688 | -6/Cetus | Met Revision 17 12696 | -6/Cetus | Lost 3 allies 12809 | -6/Cetus | Identified exit to Archives 12835 | -6/Cetus | Entered Archives 12835 | -6/Archives | Accompanied by 19 allies (A7) 12840 | -6/Archives | Received a hacking code to weaken MAIN.C 12890 | -6/Archives | Discovered exit to Factory (range 16) 13072 | -6/Archives | Discovered new exit (range 15) 13103 | -6/Archives | Discovered new exit (range 14) 13160 | -6/Archives | Identified exit to Hub_04(d) 13805 | -6/Archives | Entered Hub_04(d) 13805 | -6/Hub_04(d) | Accompanied by 17 allies 13939 | -6/Hub_04(d) | Garrison activated, responded to threat 13969 | -6/Hub_04(d) | Network Hub disabled 13980 | -6/Hub_04(d) | Discovered exit to Factory (range 9) 13980 | -6/Hub_04(d) | Spotted Lightning 13983 | -6/Hub_04(d) | Spotted Lightning 13985 | -6/Hub_04(d) | Spotted Lightning 13988 | -6/Hub_04(d) | Network Hub disabled 14002 | -6/Hub_04(d) | Destroyed Lightning 14002 | -6/Hub_04(d) | Spotted Lightning 14003 | -6/Hub_04(d) | Spotted Lightning 14003 | -6/Hub_04(d) | Spotted Lightning 14009 | -6/Hub_04(d) | System corruption reached 10% 14018 | -6/Hub_04(d) | Entered Factory 14018 | -5/Factory | Accompanied by 1 ally 14018 | -5/Factory | Evolved 2 slots: Power x1, Weapon x1 14019 | -5/Factory | Identified exit to Upper Caves 14035 | -5/Factory | Lost 15 allies 14042 | -5/Factory | Lost 3 parts (1n1u1w) 14461 | -5/Factory | Entered Upper Caves 14463 | -5/Upper Caves | Attracted the attention of an 0b10 checkpoint 14912 | -5/Upper Caves | Build established: Skirmisher 14916 | -5/Upper Caves | Learned Factory emergency access door positions 14990 | -5/Upper Caves | Discovered new exit (range 14) 15013 | -5/Upper Caves | Identified exit to Upper Caves 15015 | -5/Upper Caves | Entered another Upper Caves area 15017 | -5/Upper Caves | Attracted the attention of an 0b10 checkpoint 15286 | -5/Upper Caves | Learned location of Armory (-3) 15607 | -5/Upper Caves | Discovered new exit (range 3) 15610 | -5/Upper Caves | Identified exit to Warlord 15612 | -5/Upper Caves | Entered Warlord 15774 | -5/Warlord | Opened Warlord's prototype stash 15801 | -5/Warlord | Found Prototype Device 15801 | -5/Warlord | Identified Exp. Phase Shifter 15830 | -5/Warlord | Found Prototype Reactor 16057 | -5/Warlord | Visited the Vortex Lab 16074 | -5/Warlord | Warlord's base attacked by MAIN.C 16109 | -5/Warlord | Met Warlord 16424 | -5/Warlord | Warlord forces counterattacked 16483 | -5/Warlord | Lost 3 allies 16492 | -5/Warlord | Spotted Executioner 16500 | -5/Warlord | Spotted Executioner 16566 | -5/Warlord | Spotted Striker 16578 | -5/Warlord | Build established: Gunner 16584 | -5/Warlord | Destroyed Striker 16591 | -5/Warlord | Spotted Executioner 16594 | -5/Warlord | Destroyed Executioner 16600 | -5/Warlord | Spotted Executioner 16620 | -5/Warlord | Destroyed Executioner 16650 | -5/Warlord | Lost 14 allies 16674 | -5/Warlord | Spotted Striker 16681 | -5/Warlord | Spotted Executioner 16695 | -5/Warlord | Destroyed Executioner 16711 | -5/Warlord | Found Prototype Processor 16727 | -5/Warlord | Lost 7 allies 16745 | -5/Warlord | Discovered new exit (range 12) 16749 | -5/Warlord | Warlord base infiltrated, sounded retreat 16755 | -5/Warlord | Identified exit to Proximity Caves 16757 | -5/Warlord | Entered Proximity Caves 17052 | -4/Proximity Caves | Learned location of 1 exit from Research 17161 | -4/Proximity Caves | Discovered new exit (range 7) 17171 | -4/Proximity Caves | Identified exit to Factory 17172 | -4/Proximity Caves | Entered Factory 17172 | -4/Factory | Evolved 2 slots: Propulsion x1, Utility x1 17248 | -4/Factory | Identified exit to DSF 17248 | -4/Factory | Entered DSF 17281 | -4/DSF | Additional patrols routed to DSF 17408 | -4/DSF | Sterilization system engaged 17428 | -4/DSF | Ambient heat levels rising (+10) 17443 | -4/DSF | Ambient heat levels rising (+10) 17452 | -4/DSF | Discovered new exit (range 15) 17458 | -4/DSF | Ambient heat levels rising (+10) 17473 | -4/DSF | Ambient heat levels rising (+10) 17485 | -4/DSF | Identified exit to Research 17488 | -4/DSF | Ambient heat levels rising (+10) 17503 | -4/DSF | Ambient heat levels rising (+10) 17518 | -4/DSF | Ambient heat levels rising (+10) 17533 | -4/DSF | Ambient heat levels rising (+10) 17548 | -4/DSF | Ambient heat levels rising (+10) 17563 | -4/DSF | Ambient heat levels rising (+10) 17578 | -4/DSF | Ambient heat levels rising (+10) 17593 | -4/DSF | Ambient heat levels rising (+10) 17608 | -4/DSF | Ambient heat levels rising (+10) 17616 | -4/DSF | Entered Research 17616 | -3/Research | Evolved 2 slots: Utility x2 17617 | -3/Research | Identified exit to Research 17629 | -3/Research | Identified Exp. Core Analyzer 17716 | -3/Research | Build established: Scavenger-Gunner 17816 | -3/Research | Revision forces began assault on 0b10 17940 | -3/Research | Met up with Revision 17++ 18052 | -3/Research | Spotted B-86 Titan 18062 | -3/Research | Destroyed B-86 Titan 18316 | -3/Research | Research terminal network offline 18373 | -3/Research | Spotted Striker 18373 | -3/Research | Spotted Striker 18375 | -3/Research | Spotted Striker 18376 | -3/Research | Spotted Striker 18382 | -3/Research | Destroyed Striker 18413 | -3/Research | Destroyed Striker 18420 | -3/Research | Lost 3 allies 18448 | -3/Research | Lost 3 parts (3n) 18753 | -3/Research | Entered another Research area 18753 | -2/Research | Warlord forces began assault on 0b10 18753 | -2/Research | Evolved 2 slots: Utility x2 18778 | -2/Research | Distinguished unit "Shockpunchers" dispatched to help 18833 | -2/Research | Identified exit to Access 18863 | -2/Research | Research machine network offline 19085 | -2/Research | Borebot progress halted 19309 | -2/Research | Spotted Striker 19311 | -2/Research | Spotted Striker 19339 | -2/Research | Found Prototype Processor 19339 | -2/Research | Identified Exp. Target Analyzer 19348 | -2/Research | Lost 4 allies 19354 | -2/Research | Spotted Executioner 19360 | -2/Research | Spotted Executioner 19360 | -2/Research | Destroyed Executioner 19370 | -2/Research | Destroyed Executioner 19400 | -2/Research | Borebot progress halted 19408 | -2/Research | Lost 4 allies 19410 | -2/Research | Found Exp. Core Analyzer 19453 | -2/Research | Spotted Striker 19502 | -2/Research | Lost 9 allies 19705 | -2/Research | Build established: Scavenger-Assassin 19781 | -2/Research | Met up with Warlord 19782 | -2/Research | Met DD-05H 19782 | -2/Research | Warlord invited to help at Command 19782 | -2/Research | Given Cave Seal Controls access code 19827 | -2/Research | Borebot progress halted 19888 | -2/Research | Found Exp. Core Analyzer 19892 | -2/Research | Found Exp. Targeting Computer 19941 | -2/Research | Spotted Striker 19944 | -2/Research | Entered Access 19944 | -1/Access | Evolved 2 slots: Propulsion x1, Utility x1 19957 | -1/Access | Garrison activated, responded to threat 20227 | -1/Access | Identified Vortex Chain Reactor 20785 | -1/Access | Spotted B-99 Colossus 21258 | -1/Access | System corruption reached 10% 21788 | -1/Access | Destroyed 8 combat bots 22194 | -1/Access | First assault squad dispatched 22216 | -1/Access | Incoming assault squad redirected 22462 | -1/Access | Incoming assault squad redirected 22585 | -1/Access | Discovered new exit (range 7) 22592 | -1/Access | Identified exit to Command 22593 | -1/Access | Entered Command 22761 | -1/Command | Disengaged cave seal 22761 | -1/Command | Derelicts emerged from the dark tunnel 22762 | -1/Command | Welcomed Warlord to Command 22833 | -1/Command | Attacked by Warlord forces 22834 | -1/Command | Spotted 7D-XTN(K) 22834 | -1/Command | Spotted QH-VJM(g) 22843 | -1/Command | First assault squad dispatched 22860 | -1/Command | Spotted M Guard 22861 | -1/Command | Spotted M Guard 22862 | -1/Command | Spotted Combat Programmer 22862 | -1/Command | Spotted Combat Programmer 22864 | -1/Command | Incoming assault squad redirected 22879 | -1/Command | Destroyed 7D-XTN(K) 22914 | -1/Command | Lost 4 parts (1n2u1w) 22923 | -1/Command | Destroyed Combat Programmer 22947 | -1/Command | All MAIN.C guards destroyed 22979 | -1/Command | Warlord destroyed during the assault 22979 | -1/Command | Destroyed Warlord 23006 | -1/Command | Lost 7 parts (1p2n2u2w) 23012 | -1/Command | Found Prototype Reactor 23071 | -1/Command | Spotted OY-973(g) 23207 | -1/Command | Lost 5 parts (2n2u1w) 23235 | -1/Command | Core integrity fell below 50% 23482 | -1/Command | Identified Zero-point Reactor 23502 | -1/Command | Core integrity fell below 20% 23594 | -1/Command | Spotted B-99 Colossus 23658 | -1/Command | Spotted Alpha 7 23658 | -1/Command | Spotted Alpha 7 23658 | -1/Command | Spotted Striker 23658 | -1/Command | Spotted Striker 23658 | -1/Command | Spotted Executioner 23658 | -1/Command | Spotted Executioner 23658 | -1/Command | Spotted Executioner 23658 | -1/Command | Spotted Executioner 23659 | -1/Command | Spotted B-99 Colossus 23663 | -1/Command | Spotted B-99 Colossus 23668 | -1/Command | Destroyed by Alpha 7 with Heavy Quantum Rifle Last Messages --------------- 23663_ Slug penetrates Striker. 23664_ Penetrated by Slug. 23664_ Slug penetrates Wall. 23665_ System corrupted: Zero-point Reactor fused. 23665_ Acquired 4 matter. 23665_ Penetrated by Slug. 23665_ Myomer Leg destroyed. 23665_ Slug penetrates Wall. 23665_ Executioner knocked back. 23665_ Slug penetrates Alpha 7. 23665_ Slug penetrates Wall. 23666_ Penetrated by Slug. 23666_ Slug penetrates Wall. 23666_ Triggered Stasis Trap. 23666_ A bubble of rippling energy engulfs the area. 23666_ Stasis field depleted. 23666_ Centrium Leg destroyed. 23668_ Penetrated by Slug. 23668_ Slug penetrates Executioner. 23668_ Slug penetrates B-99 Colossus. Map ----- +----------------------------------------------------+ | "#### # ##?????### =% # # | | ##??### ## # "#????## #! = ### | | ##?????####### ##????# # # % #???? | | #????????????# #????## # # # ##???? | | #????????????# #????# # !* # #### | | ?????????????# ####### # % ]%! + + = | | ?????????????# + % " = # #### | | ?????????????# =! "###### "" # #????? | | ?????????????# ##????### "T # #????? | | ?????????????# #??????# """ "" # #????? | | ?????????????# #??????## "" """" # #????? | | ?????????????# #???????# """" # ????? | | ???????????###########??????# "" ###????? | | ???????????#== #??????# #??????? | | ???????????#= #??????# [ #??????? | | ???????????#=! #??????###############??????? | | ???????????# #???????????????????????????? | | ???????????#] = #???????????????########????? | | ???????????# #?????????????? ?????? | | ???????????# #??#######?#? ????# | | ???????????# * #### # # # #BB ????????# | | ?????????#########""### 7 EE BB "???????????# | | ?????????# + ^K ^ "???????????# | | ?????????# %+ % "???????????# | | ?????????# %% + %% ^ "???????????## | | ?????????# %+^ @ E BB "???????????# | | ?????????## ##;7 K EBB "???????????# | | ??????????# ##### # # # # ^ ????# | | ????????# " #???#####??????? #??# | | ????????###=] #??????????????????? #??#[ | | ??????????#] #???????????????????????????# | | ??????????# #???????????????????????????# | | ??????????# #???????????????????????????# | | ??????????# #???????????????????????????# | | ??????????# #???????????????????????????## | | ??????????# #????????????????????????????? | | ??????????+ ### #????????????????????????????? | | ????????? + #?# #????????????????????????????? | | ???????? + #?# #????????????????????????????? | | ??????? + #?# #????????????????????????????? | | ?????? #### #?# #????????????????????????????? | | ????? ???# #?# #????????????????????????????? | | ??????????# ### #########????????????????????? | | ??????????# #????????????????????? | | ??????????# +????????????????????? | | ??????????# ### #### #????????????????????? | | ??????????# ###+#### #????????????????????? | | ??????????# # # #????????????????????? | | ??????????# # ! # ##+#?????????????????? | | ??????????# #"" # #?????????????????? | +----------------------------------------------------+ Best States ------------- Heat Dissipation 115 Energy Generation 55 Energy Capacity 700 Matter Stores 300 Matter Capacity 300 Sight Range 23 Robot Scan Range 18 Terrain Scan Density 10 Jamming Range 12 Power Amplification 20 Armor Coverage 825 Resistance: KI 30 Evasion (%) 70 Targeting Accuracy 12 Target Analysis 8 Core Analysis 12 Armor Integrity Analysis 30 Offensive Hacking 28 Item Schematics ----------------- Hcp. Storage Unit | -9/Materials | Scanalyzed Combat Drone Bay | -7/Data Miner | Free Cld. Aerolev Unit | -7/Data Miner | Free Lgt. Regenerative Plating | -7/Data Miner | Free Exp. Targeting Computer | -7/Data Miner | Free Scatter Rocket Array | -7/Data Miner | Free Arm. Medium Treads | -7/Data Miner | Free Imp. Focal Shield | -7/Data Miner | Free Wave Gun | -7/Data Miner | Free Phase Gun | -7/Data Miner | Free Imp. Armor Integrity Analyzer | -7/Data Miner | Free Robot Schematics ------------------ O-24 Administrator | -7/Data Miner | Free W-25 Informer | -7/Data Miner | Free G-50 Soldier | -7/Data Miner | Free Y-54 Guardian | -7/Data Miner | Free I-36 Angel | -7/Data Miner | Free A-15 Conveyor | -7/Data Miner | Free B-48 Gladiator | -7/Data Miner | Free Fabricated ------------ Nothing Repaired ---------- Med. Reactive Plating | 15% | -7/Factory Studied --------- Aluminum Leg | -9/Materials | Hacked Hvy. Assault Rifle | -9/Materials | Hacked Titanium Leg | -9/Materials | Hacked Arm. Leg | -5/Factory | Hacked Med. Armored Exoskeleton | -5/Factory | Hacked Railgun | -3/Research | Hacked Shield Leg | -3/Research | Hacked Alien Tech Used ----------------- None Achievements -------------- Doshington Hot Goods Window Shopping Challenges ------------ None Game ------ Seed ChromionBarrageDesublimator Manual? 0 Play Time 04:05:57 Cumulative 505.9 hours Start 2026.07.01 @ 23:15:12 End 2026.07.04 @ 11:26:30 Sessions 8 Manual Loads 0 Difficulty Rogue Special Mode None Game No. 182 Rogue 161 Adventurer 21 Explorer 0 Win Type - Total 26 Types 15/1/5/1/0/0/0/3/0/1 Lore% 68 Gallery% 74 Achievement% 67 Wizard Run 0 Options --------- Layout 1 ASCII 0 Keyboard 0 Movement Mouse Keybinds 0 Fullscreen 2 Font 32/SmallcapsGlow Map View 77x35 Zoom Use 0% Tactical HUD 1 Map Filters NONE Filters NONE Steam 1 RUN: e951ad7f-9752-4957-99ad-717c3ea6ef5e